 Dungeon Crawl Stone Soup version 0.28-a0-1429-gf3d713df7a (webtiles) character file.

Game seed: 5450351254660129700

284 vurker the Gusty (level 6, -13/44 HPs)
             Began as a Gnoll Air Elementalist on Jan 8, 2022.
             Was a Believer of Sif Muna.
             Mangled by a hornet (14 damage)
             ... on level 4 of the Dungeon.
             The game lasted 00:03:34 (4411 turns).

vurker the Gusty (Gnoll Air Elementalist)           Turns: 4411, Time: 00:03:35

Health: -13/44     AC:  2    Str:  7    XL:     6   Next: 29%
Magic:  8/14       EV: 13    Int: 16    God:    Sif Muna [**....]
Gold:   190        SH:  0    Dex: 13    Spells: 10/15 levels left

rFire   . . .      SeeInvis .   i - +1 spear (flame)
rCold   . . .      Faith    .   (no shield)
rNeg    . . .      Spirit   .   a - +0 robe
rPois   .          Reflect  .   (no helmet)
rElec   .          Harm     .   (no cloak)
rCorr   .          Rampage  .   (no gloves)
Will    .....                   (no boots)
Stlth   +++.......              (no amulet)
HPRegen 0.14/turn               (no ring)
MPRegen 0.14/turn               (no ring)

@: lethally poisoned (-13 -> -21), attractive, slowed, very slow
A: fangs 1, strong nose, distributed training
a: Renounce Religion, Channel Magic


You were on level 4 of the Dungeon.
You worshipped Sif Muna.
Sif Muna was pleased with you.
You visited 1 branch of the dungeon, and saw 4 of its levels.

You collected 190 gold pieces.

Inventory:

Hand Weapons
 b - a +0 short sword
   (You took it off a kobold on level 1 of the Dungeon)
 i - a +1 spear of flaming (weapon)
   (You found it on level 3 of the Dungeon)
Armour
 a - a +0 robe (worn)
Scrolls
 c - 2 scrolls of teleportation {unknown}
 d - a scroll of amnesia {unknown}
 e - 2 scrolls of enchant weapon {unknown}
 g - a scroll of vulnerability {unknown}
 h - a scroll of magic mapping {unknown}
Potions
 f - a potion of mutation {unknown}
 j - a potion of curing {unknown}
 k - a potion of attraction


   Skills:
 + Level 1.9 Fighting
 + Level 1.9 Short Blades
 + Level 1.9 Long Blades
 + Level 1.9 Axes
 + Level 1.9 Maces & Flails
 + Level 1.9 Polearms
 + Level 1.9 Staves
 + Level 1.9 Slings
 + Level 1.9 Bows
 + Level 1.9 Crossbows
 + Level 1.9 Throwing
 + Level 1.9 Armour
 + Level 4.9 Dodging
 + Level 4.5 Stealth
 + Level 1.9 Shields
 + Level 1.9 Unarmed Combat
 + Level 5.3 Spellcasting
 + Level 2.6 Conjurations
 + Level 1.5 Hexes
 + Level 1.5 Summonings
 + Level 1.5 Necromancy
 + Level 1.5 Translocations
 + Level 1.5 Transmutations
 + Level 1.5 Fire Magic
 + Level 1.5 Ice Magic
 + Level 5.6 Air Magic
 + Level 1.5 Earth Magic
 + Level 1.5 Poison Magic
 + Level 2.1 Invocations
 + Level 1.9 Evocations


You had 10 spell levels left.
You knew the following spells:

 Your Spells              Type           Power      Damage    Failure   Level
a - Shock                 Conj/Air       68%        1d7       2%          1
c - Airstrike             Air            11%        N/A       14%         4

Your spell library contained the following spells:

 Spells                   Type           Power      Damage    Failure   Level
 Static Discharge         Conj/Air       17%        N/A       4%          2
 Swiftness                Air            22%        N/A       4%          3
 Call Canine Familiar     Summ           9%         N/A       24%         3
 Portal Projectile        Hex/Tloc       18%        N/A       24%         3
 Leda's Liquefaction      Hex/Erth       4%         N/A       61%         4
 Fireball                 Conj/Fire      5%         3d5       87%         5
 Starburst                Conj/Fire      5%         6d4       100%        6
 Ignition                 Fire           4%         3d4       100%        8


Dungeon Overview and Level Annotations

Branches:
Dungeon (4/15)
 Temple: D:4-7

Altars:
Gozag
Sif Muna


Innate Abilities, Weirdness & Mutations

You have very sharp teeth.
Your uncanny sense of smell can sniff out nearby items.
Your experience applies equally to all skills.


Message History

You can't see any susceptible monsters within range! (Use Z to cast anyway.)
There is an escape hatch in the ceiling here.
Things that are here:
a +0 short sword; 3 stones; a kobold skeleton
Things that are here:
a +0 club; 5 poisoned darts Key pressed, stopping explore.
Done exploring.
Done exploring.
Done exploring.
Done exploring.
You aren't carrying any pieces of jewellery.
Things that are here:
a +0 club; 5 poisoned darts
There is a stone staircase leading down here.
You climb downwards.
Found a scroll labelled KUTEID JUMN.
There is a stone staircase leading up here.
Aim: a hornet (asleep, 100% to hit)
The zap hits the hornet.
The hornet buzzes angrily.
Aim: a hornet (lightly wounded, 57% to hit)
The zap hits the hornet.
Aim: a hornet (lightly wounded, 57% to hit)
The zap hits the hornet!
The zap hits the hornet.
The zap hits the hornet but does no damage.
The zap hits the hornet.
The zap hits the hornet. x2; The hornet misses you.
The hornet stings you!
You feel yourself slow down.
The zap hits the hornet but does no damage.
The zap hits the hornet.
You feel yourself speed up. The hornet stings you.
You feel yourself slow down. The hornet stings you!
* * * LOW HITPOINT WARNING * * *
You feel as though you will be slow longer.
Unknown command.
The zap misses the hornet.
The zap hits the hornet.
The hornet stings you!
* * * LOW HITPOINT WARNING * * *
You are lethally poisoned!
You feel as though you will be slow longer.
The hornet misses you. The hornet barely misses you.
Unknown command.
It was a potion of attraction.
You feel attractive to monsters.
* * * LOW HITPOINT WARNING * * *
You feel very sick. The hornet stings you!
You die...

.... ... ...
#.. #..######
#.......#
####.......#
...?...@...#
####...y.......
#.......#...
#..#.#..# .
#...###... #..#
#.## #. .. #.
.#


You could see a hornet.

Vanquished Creatures
  A necrophage (D:3)
  A bullfrog skeleton (D:2)
  An orc wizard (D:3)
  3 gnolls (D:3)
  3 adders
  6 dart slugs
  9 orcs (D:3)
  An endoplasm (D:1)
  4 giant cockroaches
  4 goblins
  7 hobgoblins
  14 kobolds
  2 quokkas
  3 ball pythons
  3 bats
  4 frilled lizards
  4 rats
  A spectral goblin (D:1)
71 creatures vanquished.

Notes
Turn   | Place    | Note
-------+----------+-------------------------------------------
     0 | D:1      | vurker the Gnoll Air Elementalist began the quest for the
                  | Orb.
     0 | D:1      | Reached XP level 1. HP: 13/13 MP: 6/6
   254 | D:1      | Reached XP level 2. HP: 19/19 MP: 4/7
   760 | D:1      | Reached XP level 3. HP: 25/25 MP: 6/9
   762 | D:1      | Reached skill level 5 in Spellcasting
   917 | D:1      | Found a faded altar of an unknown god.
  1171 | D:1      | Prayed at the altar of an unknown god.
  1171 | D:1      | Became a worshipper of Sif Muna the Loreminder
  1171 | D:1      | Reached * piety under Sif Muna
  1412 | D:2      | Reached skill level 1 in Invocations
  1844 | D:2      | Reached skill level 1 in Fighting
  1844 | D:2      | Reached skill level 1 in Short Blades
  1844 | D:2      | Reached skill level 1 in Long Blades
  1844 | D:2      | Reached skill level 1 in Axes
  1844 | D:2      | Reached skill level 1 in Maces & Flails
  1844 | D:2      | Reached skill level 1 in Polearms
  1844 | D:2      | Reached skill level 1 in Staves
  1844 | D:2      | Reached skill level 1 in Slings
  1844 | D:2      | Reached skill level 1 in Bows
  1844 | D:2      | Reached skill level 1 in Crossbows
  1844 | D:2      | Reached skill level 1 in Throwing
  1844 | D:2      | Reached skill level 1 in Armour
  1844 | D:2      | Reached skill level 1 in Shields
  1844 | D:2      | Reached skill level 1 in Unarmed Combat
  1844 | D:2      | Reached skill level 1 in Evocations
  2017 | D:2      | Reached XP level 4. HP: 9/32 MP: 4/11
  2250 | D:2      | Learned a level 4 spell: Airstrike
  2610 | D:3      | Reached skill level 1 in Hexes
  2610 | D:3      | Reached skill level 1 in Summonings
  2610 | D:3      | Reached skill level 1 in Necromancy
  2610 | D:3      | Reached skill level 1 in Translocations
  2610 | D:3      | Reached skill level 1 in Transmutations
  2610 | D:3      | Reached skill level 1 in Fire Magic
  2610 | D:3      | Reached skill level 1 in Ice Magic
  2610 | D:3      | Reached skill level 1 in Earth Magic
  2610 | D:3      | Reached skill level 1 in Poison Magic
  2873 | D:3      | Reached XP level 5. HP: 31/37 MP: 0/12
  3109 | D:3      | Reached ** piety under Sif Muna
  3180 | D:3      | Found an opulent altar of Gozag.
  3751 | D:3      | Noticed a necrophage
  3758 | D:3      | Killed a necrophage
  3759 | D:3      | Reached XP level 6. HP: 44/44 MP: 8/14
  4403 | D:4      | Noticed a hornet
  4411 | D:4      | HP: 1/44 [poisoned by a hornet]
  4411 | D:4      | Mangled by a hornet

Illustrated notes

Levels and vault maps discovered:
D:1:      wander_arrival_chamber, layout_basic,
          dreamdust_ecumenical_altar_drowned_temple
D:2:      cheibrodos_old_hovel, layout_basic
D:3:      layout_basic, mainiacjoe_overflow_tiny_flanked,
          gup_sewer_entry_spiral, minmay_misc_feat_plants,
          minmay_misc_feat_columns, glass_columns_b
D:4:      layout_loops_ring, uniq_duvessa

Skill      XL: |  1  2  3  4  5 |
---------------+----------------+-----
Conjurations   | 2 |  2.6
Spellcasting   | 5 |  5.3
Invocations    | 1 2 |  2.1
Fighting       | 1 |  1.9
Short Blades   | 1 |  1.9
Long Blades    | 1 |  1.9
Axes           | 1 |  1.9
Maces & Flails | 1 |  1.9
Polearms       | 1 |  1.9
Staves         | 1 |  1.9
Slings         | 1 |  1.9
Bows           | 1 |  1.9
Crossbows      | 1 |  1.9
Throwing       | 1 |  1.9
Armour         | 1 |  1.9
Shields        | 1 |  1.9
Unarmed Combat | 1 |  1.9
Evocations     | 1 |  1.9
Hexes          | 1 |  1.5
Summonings     | 1 |  1.5
Necromancy     | 1 |  1.5
Translocations | 1 |  1.5
Transmutations | 1 |  1.5
Fire Magic     | 1 |  1.5
Ice Magic      | 1 |  1.5
Earth Magic    | 1 |  1.5
Poison Magic   | 1 |  1.5
Dodging        | |  4.9
Stealth        | |  4.5
Air Magic      | |  5.6

Action                   |  1- 3 |  4- 6 || total
-------------------------+-------+-------++-------
Melee: Short sword       |    16 |     2 ||    18
       Bite              |     2 |       ||     2
       Punch             |     1 |       ||     1
       Spear             |       |    11 ||    11
 Cast: Shock             |    83 |    77 ||   160
  Use: Potion            |       |     1 ||     1
Armor: Robe              |     3 |       ||     3
Dodge: Dodged            |    16 |    17 ||    33

Table legend: (Time is in decaauts)
 A = Elapsed time spent in this place.
 B = Non-inter-level travel time spent in this place.
 C = Inter-level travel time spent in this place.
 D = Time resting spent in this place.
 E = Time spent auto-exploring this place.
 F = Levels seen in this place.
 G = Mean time per level.
                   A        B        C        D        E       F      G
               +--------+--------+--------+--------+--------+-----+--------+
         Total |   4458 |   4312 |    146 |     70 |   3819 |   4 | 1114.5 |
       Dungeon |   4458 |   4312 |    146 |     70 |   3819 |   4 | 1114.5 |
               +--------+--------+--------+--------+--------+-----+--------+

Top non-repeatable levels by time:
     D:3: 1847 daAuts
     D:2: 1393 daAuts
     D:1: 1208 daAuts
     D:4: 8 daAuts
